 Dungeon Crawl Stone Soup version 0.22.1-1-ga44c0e5 (webtiles) character file.

152 Lauz the Slasher (level 5, 0/41 HPs)
             Began as a Human Berserker on Nov 2, 2018.
             Was a Believer of Trog.
             Slain by a phantom (7 damage)
             ... on level 4 of the Dungeon.
             The game lasted 00:08:02 (2991 turns).

Lauz the Slasher (Human Berserker)                  Turns: 2991, Time: 00:08:03

Health: 0/41       AC:  3    Str: 19    XL:     5   Next: 60%
Magic:  5/5        EV:  9    Int:  7    God:    Trog [**....]
Gold:   213        SH:  9    Dex: 12    Spells: 4/4 levels left

rFire    . . .     SeeInvis .   a - +0 falchion
rCold    . . .     Gourm    .   q - +2 shield {rPois}
rNeg     . . .     Faith    .   t - +0 leather armour
rPois    +         Spirit   .   (no helmet)
rElec    .         Reflect  .   (no cloak)
rCorr    .         Harm     .   (no gloves)
MR       .....                  (no boots)
Stlth    +.........             (no amulet)
HPRegen  0.13/turn              (no ring)
MPRegen  0.09/turn              (no ring)

@: berserk cooldown, slowed, very slow
A: no striking features
a: Berserk, Trog's Hand, Renounce Religion


You were on level 4 of the Dungeon.
You worshipped Trog.
Trog was pleased with you.
You were near starving.

You visited 1 branch of the dungeon, and saw 4 of its levels.

You collected 213 gold pieces.

Inventory:

Hand Weapons
 a - a +0 falchion (weapon)
Missiles
 e - 7 needles of confusion
 w - 8 needles of sleeping
Armour
 b - a +0 animal skin
 q - a +2 shield of poison resistance (worn)
 s - a +0 plate armour
 t - a +0 leather armour (worn)
Wands
 u - a wand of paralysis (6)
Scrolls
 f - a scroll of magic mapping {unknown}
 g - a scroll of enchant armour {unknown}
 h - 2 scrolls of random uselessness {unknown}
 i - a scroll of immolation {unknown}
 j - 4 scrolls of identify
 k - 2 scrolls of teleportation
 m - a scroll of enchant weapon {unknown}
 n - 2 scrolls of fear {unknown}
 o - a scroll of fog {unknown}
Potions
 d - 5 potions of curing {unknown}
 l - a potion of magic {unknown}
 p - 2 potions of heal wounds {unknown}
 r - a potion of flight {unknown}
 v - a potion of brilliance {unknown}
Comestibles
 c - 2 rations
 x - 2 chunks of flesh


   Skills:
 + Level 3.4 Fighting
 * Level 5.1 Long Blades
 - Level 2.0 Armour
 + Level 2.5 Dodging
 + Level 0.8 Stealth
 * Level 0.3 Shields


You had 4 spell levels left.
You didn't know any spells.
Your spell library was empty.

Dungeon Overview and Level Annotations

Branches:
Dungeon (4/15)
 Temple: D:4-7

Altars:
Cheibriados


Message History

The phantom blinks!
You feel your anger nearly subside.
You are no longer berserk.
You are exhausted.
You feel yourself slow down.
Found 14 gold pieces.
You see here a hound corpse.
You butcher the hound corpse.
x - 2 chunks of flesh You see here a hound skeleton.
The phantom hits you.
* * * LOW HITPOINT WARNING * * *
The phantom completely misses you.
You riposte.
You closely miss the phantom.
The phantom is severely damaged.
The phantom barely misses you.
You riposte.
You slash the phantom!
The phantom is almost destroyed.
Found a ration.
The phantom blinks!
The phantom blinks!
The phantom hits you!
You die...

#.# #.# #.# ...
#§# #.#
#.#####.#
#.%...W.# #
#######@#####..#
##.#.......
#<.........
##.#.###...
#######.#.#....
.......÷.....<.
..####.##$####.
#.. .# #.. .#


You could see a phantom.

Vanquished Creatures
  A hound (D:4)
  2 adders (D:2)
  4 gnolls (D:3)
  An ooze (D:2)
  2 worms (D:2)
  A dart slug (D:2)
  2 leopard geckos
  A giant cockroach (D:1)
  5 goblins
  2 hobgoblins
  8 jackals
  6 kobolds
  2 quokkas
  A ball python (D:2)
  4 bats
  3 frilled lizards (D:1)
  9 rats
54 creatures vanquished.

Notes
Turn   | Place    | Note
-------+----------+-------------------------------------------
     0 | D:1      | Lauz the Human Berserker began the quest for the Orb.
     0 | D:1      | Reached XP level 1. HP: 18/18 MP: 1/1
   344 | D:1      | Reached XP level 2. HP: 24/24 MP: 2/2
   393 | D:1      | Found a snail-covered altar of Cheibriados.
   880 | D:2      | Reached XP level 3. HP: 29/29 MP: 3/3
  1006 | D:2      | Reached ** piety under Trog
  1428 | D:2      | Reached skill level 4 in Long Blades
  1623 | D:2      | Reached XP level 4. HP: 35/35 MP: 4/4
  2597 | D:3      | Paralysed by a hobgoblin for 4 turns
  2605 | D:3      | Reached XP level 5. HP: 41/41 MP: 5/5
  2951 | D:4      | Noticed a phantom
  2975 | D:4      | Reached skill level 5 in Long Blades
  2991 | D:4      | Slain by a phantom

Skill      XL: |  1  2  3  4  5 |
---------------+----------------+-----
Long Blades    | 4 5 |  5.1
Fighting       | |  3.4
Armour         | |  2.0
Dodging        | |  2.5
Stealth        | |  0.8
Shields        | |  0.3

Action                   |  1- 3 |  4- 6 || total
-------------------------+-------+-------++-------
Melee: Falchion          |    79 |    76 ||   155
Invok: Berserk           |     3 |     4 ||     7
  Use: Scroll            |       |     2 ||     2
 Stab: Sleeping          |     4 |       ||     4
  Eat: Chunk             |     2 |     6 ||     8
       Ration            |     1 |       ||     1
Armor: Animal skin       |    14 |    11 ||    25
       Leather armour    |       |     3 ||     3
Dodge: Dodged            |    54 |    35 ||    89
Block: Shield            |       |    25 ||    25
       Rpst.: Falchion   |    17 |    15 ||    32
